WCHLSIM.com - West Coast Hockey League
html PUBLIC "-//W3C//DTD XHTML 1.0 Transitional//EN" "http://www.w3.org/TR/xhtml1/DTD/xhtml1-transitional.dtd"> WCHL - Game 563 - CALGARY FIREMEN vs RENO LIONS

CALGARY FIREMEN vs RENO LIONS

Created - 1 janvier 2024 at 01:47

Goals
1 2 3 T
CALGARY FIREMEN 1 3 0 4
RENO LIONS 1 1 0 2
Shots
1 2 3 T
CALGARY FIREMEN 7 13 6 26
RENO LIONS 9 8 5 22

1st period

1. CALGARY FIREMEN , Mason Marchment 10 (Yakov Trenin 8) at 5:02
2. RENO LIONS , Trent Frederic 2 (Pierre-Luc Dubois 7) at 11:24 (PP)

Penalties :
Nikita Zadorov (CGY) for Hooking (Minor) at 10:05, Nikita Zadorov (CGY) for Cross-checking (Minor) at 15:51

2nd period

3. CALGARY FIREMEN , Ryan Johansen 8 (Mattias Janmark-Nylen 10, Jakob Silfverberg 14) at 0:14
4. RENO LIONS , Elias Pettersson 20 (Steven Stamkos 31) at 3:26
5. CALGARY FIREMEN , Mattias Janmark-Nylen 9 (Ryan Johansen 15, Colton White 5) at 5:20
6. CALGARY FIREMEN , Yakov Trenin 7 (Mason Marchment 10) at 7:51 (PP)

Penalties :
Patrick Brown (REN) for Holding (Minor) at 0:36, Marcus Foligno (REN) for Hooking (Minor) at 6:00, Brady Skjei (REN) for Cross-checking (Minor) at 12:49

3rd period

No Goal

Penalties :
Ethan Bear (REN) for Hooking (Minor) at 4:51, Nicholas Ritchie (REN) for Cross-checking (Minor) at 12:25

Goalie Stats

Kevin Poulin (CGY), 20 saves from 22 shots - (0,909), W, 1-8-1, 60:00 minutes
Elvis Merzlikins (REN), 10 saves from 10 shots - (1,000), 32:09 minutes
Stuart Skinner (REN), 12 saves from 16 shots - (0,750), L, 15-11-3, 27:51 minutes

Players Stats for CALGARY FIREMEN

Player Name              G  A  P  +/- PIM S  H  SB GA TA FO     MP     PP MP  PK MP  
------------------------------------------------------------------------------------
Andrej Sustr             0  0  0   0  0   0  5  0  0  0  0/0    14:44   0:01   0:00 
Brett Howden             0  0  0  -1  0   0  4  0  0  0  7/12   15:32   0:00   0:00 
Colton White             0  1  1   0  0   0  0  4  0  0  0/0    15:44   0:00   1:01 
Fabian Zetterlund        0  0  0   0  0   0  0  0  0  0  0/0     4:18   0:00   0:00 
Jake McCabe              0  0  0   1  0   1  1  1  0  0  0/0    19:58   6:00   2:05 
Jakob Silfverberg        0  1  1   2  0   2  0  0  0  0  2/3    19:41   5:35   2:07 
Jamie Oleksiak           0  0  0   1  0   0  0  2  0  0  0/0    23:56   6:00   2:05 
Jordan Oesterle          0  0  0   1  0   1  2  0  0  0  0/0    20:59   3:46   0:52 
Mason Marchment          1  1  2   1  0   6  0  0  0  0  5/22   20:29   4:12   1:11 
Mattias Janmark-Nylen    1  1  2   2  0   1  0  0  0  0  0/0    18:45   5:35   1:11 
Nathan Smith             0  0  0   0  0   0  1  0  0  0  4/6     4:18   0:00   0:00 
Nikita Zadorov           0  0  0   1  4   2  4  0  0  0  0/0    20:06   3:47   0:00 
Oskar Lindblom           0  0  0   1  0   1  1  0  0  0  1/1    18:45   3:39   0:00 
Ryan Johansen            1  1  2   2  0   5  2  1  0  0  13/23  23:59   5:35   2:07 
Santtu Kinnunen          0  0  0   0  0   0  1  0  0  0  0/0     4:31   0:00   0:33 
Sonny Milano             0  0  0  -1  0   1  0  0  0  0  1/2    16:05   0:33   0:00 
Tyler Tullio             0  0  0  -1  0   0  0  0  0  0  0/0    15:32   0:00   0:00 
Yakov Trenin             1  1  2   1  0   6  1  0  0  0  0/1    19:18   4:12   0:00 

Players Stats for RENO LIONS

Player Name              G  A  P  +/- PIM S  H  SB GA TA FO     MP     PP MP  PK MP  
------------------------------------------------------------------------------------
Alex Steeves             0  0  0   0  0   0  0  0  0  0  1/3     8:28   0:39   0:00 
Andreas Johnsson         0  0  0   0  0   0  0  0  0  0  0/1     8:11   0:00   0:00 
Brady Skjei              0  0  0  -1  2   2  1  1  0  0  0/0    22:55   1:28   3:47 
Elias Pettersson         1  0  1   0  0   4  2  1  0  0  1/1    21:23   2:31   3:08 
Ethan Bear               0  0  0  -1  2   0  3  2  0  0  0/0    16:25   0:39   3:18 
Justin Schultz           0  0  0  -1  0   0  1  2  0  0  0/0    23:40   1:28   5:29 
Juuso Valimaki           0  0  0  -1  0   1  1  1  0  0  0/0    18:22   1:50   4:16 
Kirill Kaprizov          0  0  0   0  0   2  1  0  0  0  0/0    19:57   2:31   2:00 
Marcus Foligno           0  0  0  -1  2   2  2  0  0  0  0/2    19:48   0:00   5:12 
Marian Studenic          0  0  0   0  0   2  1  0  0  0  0/0     7:31   0:00   0:00 
Nicholas Ritchie         0  0  0  -1  2   0  1  0  0  0  0/0     9:20   0:00   0:00 
Nick Bjugstad            0  0  0  -1  0   0  0  0  0  0  14/24  21:24   0:08   6:39 
Oliver Ekman-Larsson     0  0  0   0  0   0  0  2  0  0  0/0    20:35   1:11   2:44 
Patrick Brown            0  0  0  -1  2   0  0  0  0  0  3/5    11:41   0:00   2:21 
Pierre-Luc Dubois        0  1  1  -1  0   3  0  0  0  0  0/2    14:49   0:47   0:00 
Robert Hagg              0  0  0   0  0   1  1  2  0  0  0/0    17:25   0:00   0:00 
Steven Stamkos           0  1  1   0  0   4  1  0  0  0  15/23  18:46   2:31   0:14 
Trent Frederic           1  0  1  -1  0   1  0  0  0  0  3/9     9:28   0:47   0:00 

3 Stars

1 - Ryan Johansen (CGY)
2 - Mattias Janmark-Nylen (CGY)
3 - Yakov Trenin (CGY)

Power Play

CALGARY FIREMEN - 1 on 5 Attempt(s) - 20,00%
RENO LIONS - 1 on 2 Attempt(s) - 50,00%

Penalty Kill

CALGARY FIREMEN - 1 on 2 Attempt(s) - 50,00% - Score 0 goal in Penalty Kill
RENO LIONS - 4 on 5 Attempt(s) - 80,00% - Score 0 goal in Penalty Kill

Team Stat

CALGARY FIREMEN - Hits : 22 - Faceoff Wins : 33 - Blocked Shots : 8 - Penalty Minutes : 4
RENO LIONS - Hits : 15 - Faceoff Wins : 37 - Blocked Shots : 11 - Penalty Minutes : 10

Official

Referees : Chris Lee and Frederick L'Ecuyer
Linesman : Devin Berg and Brent Colby

Game Notes

Elvis Merzlikins enters game at 7:51 of 2nd period

Finance

Level 1 -- Attendance: 7000 (100,00%) -- Ticket Income 945 000 $
Level 2 -- Attendance: 6000 (100,00%) -- Ticket Income 510 000 $
Level 3 -- Attendance: 3000 (100,00%) -- Ticket Income 180 000 $
Level 4 -- Attendance: 5000 (100,00%) -- Ticket Income 200 000 $
Luxury Box -- Attendance: 1000 (100,00%) -- Ticket Income 270 000 $
Game was played at the Lions Kingdom.
Total Attendance: 22000 (100,00%)
Total Ticket Income: 2 105 000 $
Other Expense: 21 050 $
Total Income: 2 083 950 $

CALGARY FIREMEN

5 vs 5 Forward 
   Center                   Left Wing                Right Wing               Time % Phy DF OF 
 1 Ryan Johansen            Jakob Silfverberg        Mattias Janmark-Nylen    36     1   2  2  
 2 Mason Marchment          Yakov Trenin             Oskar Lindblom           31     1   2  2  
 3 Brett Howden             Sonny Milano             Tyler Tullio             23     1   2  2  
 4 Nathan Smith             Fabian Zetterlund        Ryan Johansen            10     1   2  2  

5 vs 5 Defense 
   Defense                  Defense                                           Time % Phy DF OF 
 1 Jamie Oleksiak           Jake McCabe                                       36     1   2  2  
 2 Nikita Zadorov           Jordan Oesterle                                   31     1   2  2  
 3 Andrej Sustr             Colton White                                      23     1   2  2  
 4 Santtu Kinnunen          Jamie Oleksiak                                    10     1   2  2  

PowerPlay Forward 
   Center                   Left Wing                Right Wing               Time % Phy DF OF 
 1 Ryan Johansen            Jakob Silfverberg        Mattias Janmark-Nylen    55     1   2  2  
 2 Mason Marchment          Yakov Trenin             Oskar Lindblom           45     1   2  2  

PowerPlay Defense
   Defense                  Defense                                           Time % Phy DF OF 
 1 Jamie Oleksiak           Jake McCabe                                       55     1   2  2  
 2 Nikita Zadorov           Jordan Oesterle                                   45     1   2  2  

Penalty Kill 4 Players Forward 
   Center                   Wing                     Time % Phy DF OF 
 1 Ryan Johansen            Jakob Silfverberg        55     1   2  2  
 2 Mason Marchment          Mattias Janmark-Nylen    45     1   2  2  

Penalty Kill 4 Players Defense
   Defense                  Defense                  Time % Phy DF OF 
 1 Jamie Oleksiak           Jake McCabe              55     1   2  2  
 2 Nikita Zadorov           Jordan Oesterle          45     1   2  2  

Penalty Kill - 3 Players Forward 
   Forward                                           Time % Phy DF OF 
 1 Ryan Johansen                                     55     1   2  2  
 2 Jakob Silfverberg                                 45     1   2  2  

Penalty Kill - 3 Players Defense
   Defense                  Defense                  Time % Phy DF OF 
 1 Jamie Oleksiak           Jake McCabe              55     1   2  2  
 2 Nikita Zadorov           Jordan Oesterle          45     1   2  2  

4 vs 4 Forward 
   Center                   Wing                     Time % Phy DF OF 
 1 Ryan Johansen            Jakob Silfverberg        55     1   2  2  
 2 Mason Marchment          Mattias Janmark-Nylen    45     1   2  2  

4 vs 4 Defense
   Defense                  Defense                  Time % Phy DF OF 
 1 Jamie Oleksiak           Jake McCabe              55     1   2  2  
 2 Nikita Zadorov           Jordan Oesterle          45     1   2  2  

Last Minutes Offensive
   Center                   Left Wing                Right Wing               Defense                  Defense                  
   Ryan Johansen            Jakob Silfverberg        Mattias Janmark-Nylen    Jamie Oleksiak           Jake McCabe              

Last Minutes Defensive
   Center                   Left Wing                Right Wing               Defense                  Defense                  
   Ryan Johansen            Jakob Silfverberg        Mattias Janmark-Nylen    Jamie Oleksiak           Jake McCabe              

Goaltenders
Starting : Kevin Poulin             
Backup : Garret Sparks            

Extra Forwards
Normal : Sonny Milano, Brett Howden, Fabian Zetterlund - PP : Sonny Milano, Brett Howden - PK : Fabian Zetterlund
Extra Defensemen
Normal : Andrej Sustr, Colton White, Santtu Kinnunen - PP : Andrej Sustr - PK : Colton White, Santtu Kinnunen
Penalty Shots
Ryan Johansen, Jakob Silfverberg, Mason Marchment, Mattias Janmark-Nylen, Yakov Trenin
Custom OT Lines Forwards
Ryan Johansen, Jakob Silfverberg, Mason Marchment, Mattias Janmark-Nylen, Yakov Trenin, Sonny Milano, Brett Howden, Fabian Zetterlund, Oskar Lindblom, Tyler Tullio
Custom OT Lines Defensemen
Jamie Oleksiak, Jake McCabe, Nikita Zadorov, Jordan Oesterle, Andrej Sustr

Scratches
Olli Maatta (Chest/Ribs Injury), Filip Forsberg (Healthy), Liam Foudy (Broken Bone (Left Leg) Injury), Michael McCarron (Separated Right Shoulder Injury), Alex Nedeljkovic (Strained Right Elbow Injury)
Samuel Ersson (Healthy)

RENO LIONS

5 vs 5 Forward 
   Center                   Left Wing                Right Wing               Time % Phy DF OF 
 1 Steven Stamkos           Kirill Kaprizov          Elias Pettersson         35     0   1  4  
 2 Nick Bjugstad            Pierre-Luc Dubois        Marcus Foligno           35     0   2  3  
 3 Trent Frederic           Nicholas Ritchie         Patrick Brown            20     1   3  1  
 4 Alex Steeves             Marian Studenic          Andreas Johnsson         10     2   3  0  

5 vs 5 Defense 
   Defense                  Defense                                           Time % Phy DF OF 
 1 Brady Skjei              Justin Schultz                                    35     1   2  2  
 2 Robert Hagg              Oliver Ekman-Larsson                              35     1   2  2  
 3 Juuso Valimaki           Ethan Bear                                        20     1   2  2  
 4 Brady Skjei              Justin Schultz                                    10     1   2  2  

PowerPlay Forward 
   Center                   Left Wing                Right Wing               Time % Phy DF OF 
 1 Steven Stamkos           Kirill Kaprizov          Elias Pettersson         65     0   0  5  
 2 Pierre-Luc Dubois        Trent Frederic           Nick Bjugstad            35     0   0  5  

PowerPlay Defense
   Defense                  Defense                                           Time % Phy DF OF 
 1 Justin Schultz           Brady Skjei                                       60     1   2  2  
 2 Juuso Valimaki           Oliver Ekman-Larsson                              40     1   2  2  

Penalty Kill 4 Players Forward 
   Center                   Wing                     Time % Phy DF OF 
 1 Nick Bjugstad            Marcus Foligno           55     1   3  1  
 2 Patrick Brown            Elias Pettersson         45     1   3  1  

Penalty Kill 4 Players Defense
   Defense                  Defense                  Time % Phy DF OF 
 1 Justin Schultz           Brady Skjei              55     1   3  1  
 2 Ethan Bear               Juuso Valimaki           45     1   3  1  

Penalty Kill - 3 Players Forward 
   Forward                                           Time % Phy DF OF 
 1 Kirill Kaprizov                                   55     1   4  0  
 2 Elias Pettersson                                  45     1   4  0  

Penalty Kill - 3 Players Defense
   Defense                  Defense                  Time % Phy DF OF 
 1 Justin Schultz           Brady Skjei              55     1   4  0  
 2 Ethan Bear               Juuso Valimaki           45     1   4  0  

4 vs 4 Forward 
   Center                   Wing                     Time % Phy DF OF 
 1 Elias Pettersson         Pierre-Luc Dubois        55     1   2  2  
 2 Steven Stamkos           Kirill Kaprizov          45     1   2  2  

4 vs 4 Defense
   Defense                  Defense                  Time % Phy DF OF 
 1 Ethan Bear               Brady Skjei              55     1   2  2  
 2 Justin Schultz           Oliver Ekman-Larsson     45     1   2  2  

Last Minutes Offensive
   Center                   Left Wing                Right Wing               Defense                  Defense                  
   Steven Stamkos           Kirill Kaprizov          Elias Pettersson         Justin Schultz           Brady Skjei              

Last Minutes Defensive
   Center                   Left Wing                Right Wing               Defense                  Defense                  
   Steven Stamkos           Elias Pettersson         Nick Bjugstad            Robert Hagg              Brady Skjei              

Goaltenders
Starting : Stuart Skinner           
Backup : Elvis Merzlikins         

Extra Forwards
Normal : Andreas Johnsson, Alex Steeves, Steven Stamkos - PP : Nick Bjugstad, Marcus Foligno - PK : Kirill Kaprizov
Extra Defensemen
Normal : Justin Schultz, Oliver Ekman-Larsson, Brady Skjei - PP : Ethan Bear - PK : Oliver Ekman-Larsson, Justin Schultz
Penalty Shots
Kirill Kaprizov, Elias Pettersson, Steven Stamkos, Pierre-Luc Dubois, Nick Bjugstad
Custom OT Lines Forwards
Steven Stamkos, Elias Pettersson, Kirill Kaprizov, Pierre-Luc Dubois, Nick Bjugstad, Marcus Foligno, Alex Steeves, Trent Frederic, Patrick Brown, Marian Studenic
Custom OT Lines Defensemen
Brady Skjei, Justin Schultz, Juuso Valimaki, Oliver Ekman-Larsson, Ethan Bear

Scratches
Ilya Mikheyev (Left Hand Injury), Mattias Samuelsson (Left Leg Injury)

% Time on Ice - CALGARY FIREMEN

Lines # - Real PCT - Wanted PCT - Time Play
Normal Forward
1 - 26% - 36% - 11:59
2 - 32% - 31% - 15:06
3 - 33% - 23% - 15:32
4 - 9% - 10% - 4:18
Normal Defense
1 - 25% - 36% - 11:53
2 - 35% - 31% - 16:21
3 - 31% - 23% - 14:43
4 - 8% - 10% - 3:58
PP Forward
1 - 57% - 55% - 5:35
2 - 43% - 45% - 4:12
PP Defense
1 - 61% - 55% - 6:00
2 - 39% - 45% - 3:47
PK Forward
1 - 64% - 55% - 2:07
2 - 36% - 45% - 1:11
PK Defense
1 - 63% - 55% - 2:05
2 - 37% - 45% - 1:13
PK3 Forward
1 - 0% - 55%
2 - 0% - 45%
PK3 Defense
1 - 0% - 55%
2 - 0% - 45%
44 Forward
1 - 0% - 55%
2 - 0% - 45%
44 Defense
1 - 0% - 55%
2 - 0% - 45%
Last Minute Offensive  - 0:00
Last Minute Defensive  - 0:00
Total
Forward - 60:00
Defense - 60:00

% Time on Ice - RENO LIONS

Lines # - Real PCT - Wanted PCT - Time Play
Normal Forward
1 - 33% - 35% - 15:26
2 - 31% - 35% - 14:37
3 - 20% - 20% - 9:21
4 - 16% - 10% - 7:31
Normal Defense
1 - 32% - 35% - 14:49
2 - 37% - 35% - 17:25
3 - 27% - 20% - 12:47
4 - 4% - 10% - 1:54
PP Forward
1 - 76% - 65% - 2:31
2 - 24% - 35% - 0:47
PP Defense
1 - 44% - 60% - 1:28
2 - 56% - 40% - 1:50
PK Forward
1 - 68% - 55% - 6:39
2 - 32% - 45% - 3:08
PK Defense
1 - 48% - 55% - 4:39
2 - 52% - 45% - 5:08
PK3 Forward
1 - 0% - 55%
2 - 0% - 45%
PK3 Defense
1 - 0% - 55%
2 - 0% - 45%
44 Forward
1 - 0% - 55%
2 - 0% - 45%
44 Defense
1 - 0% - 55%
2 - 0% - 45%
Last Minute Offensive  - 0:00
Last Minute Defensive  - 0:00
Total
Forward - 60:00
Defense - 60:00

Play-by-Play

1st period


0:01 of 1st period - Ryan Johansen wins face-off versus Steven Stamkos in neutral zone.
0:25 of 1st period - Shot by Steven Stamkos.
0:25 of 1st period - Stopped by Kevin Poulin without a rebound.
0:26 of 1st period - Mason Marchment wins face-off versus Pierre-Luc Dubois in CALGARY FIREMEN zone.
0:59 of 1st period - Pierre-Luc Dubois is hit by Nikita Zadorov and loses puck.
2:00 of 1st period - Juuso Valimaki is hit by Brett Howden and loses puck.
2:12 of 1st period - Icing by Colton White.
2:13 of 1st period - Steven Stamkos wins face-off versus Brett Howden in CALGARY FIREMEN zone.
2:13 of 1st period - Kirill Kaprizov is hit by Andrej Sustr.
2:18 of 1st period - Steven Stamkos is hit by Andrej Sustr.
2:22 of 1st period - Shot by Kirill Kaprizov.
2:22 of 1st period - Shot Misses the Net.
2:26 of 1st period - Shot by Elias Pettersson.
2:26 of 1st period - Shot Blocked by Colton White.
2:28 of 1st period - Shot by Elias Pettersson.
2:28 of 1st period - Shot Misses the Net.
2:35 of 1st period - Elias Pettersson is hit by Andrej Sustr and loses puck.
3:00 of 1st period - Kirill Kaprizov is hit by Brett Howden and loses puck.
3:15 of 1st period - Marcus Foligno is hit by Brett Howden and loses puck.
3:31 of 1st period - Jakob Silfverberg is hit by Robert Hagg and loses puck.
4:01 of 1st period - Jake McCabe is hit by Marian Studenic and loses puck.
4:10 of 1st period - Shot by Marian Studenic.
4:10 of 1st period - Shot Blocked by Jamie Oleksiak.
4:12 of 1st period - Shot by Ethan Bear.
4:12 of 1st period - Shot Blocked by Jamie Oleksiak.
5:02 of 1st period - Shot by Mason Marchment.
5:02 of 1st period - Goal by Mason Marchment - CALGARY FIREMEN : 1 - RENO LIONS : 0.
5:03 of 1st period - Mason Marchment wins face-off versus Steven Stamkos in neutral zone.
5:08 of 1st period - Shot by Mason Marchment.
5:08 of 1st period - Shot Blocked by Elias Pettersson.
5:10 of 1st period - Shot by Nikita Zadorov.
5:10 of 1st period - Stopped by Stuart Skinner with a rebound.
6:37 of 1st period - Ryan Johansen is hit by Justin Schultz and loses puck.
6:41 of 1st period - Icing by Brady Skjei.
6:42 of 1st period - Nick Bjugstad wins face-off versus Mason Marchment in RENO LIONS zone.
7:01 of 1st period - Yakov Trenin is hit by Juuso Valimaki and loses puck.
7:04 of 1st period - Shot by Yakov Trenin.
7:04 of 1st period - Shot Misses the Net.
7:06 of 1st period - Shot by Mason Marchment.
7:06 of 1st period - Deflect By Yakov Trenin.
7:06 of 1st period - Stopped by Stuart Skinner without a rebound.
7:07 of 1st period - Nathan Smith wins face-off versus Steven Stamkos in RENO LIONS zone.
7:22 of 1st period - Shot by Fabian Zetterlund.
7:22 of 1st period - Shot Misses the Net.
7:24 of 1st period - Shot by Jake McCabe.
7:24 of 1st period - Stopped by Stuart Skinner without a rebound.
7:25 of 1st period - Ryan Johansen wins face-off versus Andreas Johnsson in RENO LIONS zone.
7:46 of 1st period - Shot by Jakob Silfverberg.
7:46 of 1st period - Shot Blocked by Robert Hagg.
7:48 of 1st period - Shot by Nikita Zadorov.
7:48 of 1st period - Shot Misses the Net.
7:50 of 1st period - Shot by Jakob Silfverberg.
7:50 of 1st period - Shot Blocked by Oliver Ekman-Larsson.
7:54 of 1st period - Shot by Jakob Silfverberg.
7:54 of 1st period - Stopped by Stuart Skinner without a rebound.
7:55 of 1st period - Brett Howden wins face-off versus Steven Stamkos in RENO LIONS zone.
7:59 of 1st period - Icing by Ethan Bear.
8:00 of 1st period - Steven Stamkos wins face-off versus Brett Howden in RENO LIONS zone.
8:09 of 1st period - Shot by Steven Stamkos.
8:09 of 1st period - Stopped by Kevin Poulin without a rebound.
8:10 of 1st period - Nick Bjugstad wins face-off versus Mason Marchment in CALGARY FIREMEN zone.
8:22 of 1st period - Off-side.
8:23 of 1st period - Steven Stamkos wins face-off versus Brett Howden in neutral zone.
8:28 of 1st period - Shot by Elias Pettersson.
8:28 of 1st period - Stopped by Kevin Poulin without a rebound.
8:29 of 1st period - Nick Bjugstad wins face-off versus Ryan Johansen in CALGARY FIREMEN zone.
8:33 of 1st period - Pierre-Luc Dubois is hit by Santtu Kinnunen and loses puck.
8:48 of 1st period - Shot by Ryan Johansen.
8:48 of 1st period - Shot Misses the Net.
8:55 of 1st period - Shot by Jakob Silfverberg.
8:55 of 1st period - Stopped by Stuart Skinner with a rebound.
9:40 of 1st period - Shot by Yakov Trenin.
9:40 of 1st period - Shot Misses the Net.
9:42 of 1st period - Shot by Mason Marchment.
9:42 of 1st period - Shot Blocked by Justin Schultz.
9:48 of 1st period - Shot by Oskar Lindblom.
9:48 of 1st period - Shot Misses the Net.
10:05 of 1st period - Minor Penalty to Nikita Zadorov for Hooking.
10:06 of 1st period - Elias Pettersson wins face-off versus Ryan Johansen in CALGARY FIREMEN zone.
10:12 of 1st period - Elias Pettersson is hit by Jake McCabe.
10:32 of 1st period - Shot by Elias Pettersson.
10:32 of 1st period - Stopped by Kevin Poulin without a rebound.
10:33 of 1st period - Steven Stamkos wins face-off versus Mason Marchment in CALGARY FIREMEN zone.
10:33 of 1st period - Steven Stamkos is hit by Jordan Oesterle.
10:37 of 1st period - Shot by Kirill Kaprizov.
10:37 of 1st period - Stopped by Kevin Poulin without a rebound.
10:38 of 1st period - Steven Stamkos wins face-off versus Mason Marchment in CALGARY FIREMEN zone.
11:12 of 1st period - Shot by Steven Stamkos.
11:12 of 1st period - Shot Misses the Net.
11:24 of 1st period - Shot by Trent Frederic.
11:24 of 1st period - Goal by Trent Frederic - CALGARY FIREMEN : 1 - RENO LIONS : 1.
11:25 of 1st period - Brett Howden wins face-off versus Trent Frederic in neutral zone.
13:00 of 1st period - Kirill Kaprizov is hit by Nikita Zadorov and loses puck.
13:09 of 1st period - Shot by Elias Pettersson.
13:09 of 1st period - Shot Misses the Net.
13:17 of 1st period - Shot by Kirill Kaprizov.
13:17 of 1st period - Stopped by Kevin Poulin without a rebound.
13:18 of 1st period - Jakob Silfverberg wins face-off versus Nick Bjugstad in CALGARY FIREMEN zone.
13:31 of 1st period - Icing by Robert Hagg.
13:32 of 1st period - Nick Bjugstad wins face-off versus Nathan Smith in RENO LIONS zone.
13:59 of 1st period - Shot by Fabian Zetterlund.
13:59 of 1st period - Shot Misses the Net.
14:01 of 1st period - Shot by Jamie Oleksiak.
14:01 of 1st period - Shot Hit the Post.
14:18 of 1st period - Icing by Pierre-Luc Dubois.
14:19 of 1st period - Brett Howden wins face-off versus Pierre-Luc Dubois in RENO LIONS zone.
14:44 of 1st period - Shot by Sonny Milano.
14:44 of 1st period - Stopped by Stuart Skinner with a rebound.
14:54 of 1st period - Shot by Brett Howden.
14:54 of 1st period - Shot Blocked by Robert Hagg.
15:23 of 1st period - Shot by Mason Marchment.
15:23 of 1st period - Shot Misses the Net.
15:36 of 1st period - Mason Marchment is hit by Brady Skjei and loses puck.
15:51 of 1st period - Minor Penalty to Nikita Zadorov for Cross-checking.
15:52 of 1st period - Ryan Johansen wins face-off versus Steven Stamkos in CALGARY FIREMEN zone.
15:52 of 1st period - Ryan Johansen is hit by Steven Stamkos.
16:03 of 1st period - Off-side.
16:04 of 1st period - Steven Stamkos wins face-off versus Ryan Johansen in neutral zone.
17:40 of 1st period - Shot by Pierre-Luc Dubois.
17:40 of 1st period - Stopped by Kevin Poulin with a rebound.
17:42 of 1st period - Shot by Ethan Bear.
17:42 of 1st period - Shot Misses the Net.
18:49 of 1st period - Shot by Marcus Foligno.
18:49 of 1st period - Stopped by Kevin Poulin with a rebound.
Goals for this period are 1 for CALGARY FIREMEN vs 1 for RENO LIONS.
Shots for this period are 7 for CALGARY FIREMEN vs 9 for RENO LIONS.

2nd period


0:01 of 2nd period - Steven Stamkos wins face-off versus Ryan Johansen in neutral zone.
0:14 of 2nd period - Shot by Ryan Johansen.
0:14 of 2nd period - Goal by Ryan Johansen - CALGARY FIREMEN : 2 - RENO LIONS : 1.
0:15 of 2nd period - Oskar Lindblom wins face-off versus Trent Frederic in neutral zone.
0:36 of 2nd period - Minor Penalty to Patrick Brown for Holding.
0:37 of 2nd period - Nick Bjugstad wins face-off versus Jakob Silfverberg in RENO LIONS zone.
0:46 of 2nd period - Shot by Ryan Johansen.
0:46 of 2nd period - Stopped by Stuart Skinner with a rebound.
0:56 of 2nd period - Shot by Ryan Johansen.
0:56 of 2nd period - Shot Misses the Net.
1:08 of 2nd period - Shot by Jakob Silfverberg.
1:08 of 2nd period - Shot Misses the Net.
1:10 of 2nd period - Shot by Mattias Janmark-Nylen.
1:10 of 2nd period - Shot Misses the Net.
1:51 of 2nd period - Shot by Mason Marchment.
1:51 of 2nd period - Shot Misses the Net.
3:22 of 2nd period - Icing by Brett Howden.
3:23 of 2nd period - Steven Stamkos wins face-off versus Brett Howden in CALGARY FIREMEN zone.
3:26 of 2nd period - Shot by Elias Pettersson.
3:26 of 2nd period - Goal by Elias Pettersson - CALGARY FIREMEN : 2 - RENO LIONS : 2.
3:27 of 2nd period - Steven Stamkos wins face-off versus Mason Marchment in neutral zone.
3:31 of 2nd period - Off-side.
3:32 of 2nd period - Steven Stamkos wins face-off versus Mason Marchment in neutral zone.
3:40 of 2nd period - Icing by Yakov Trenin.
3:41 of 2nd period - Steven Stamkos wins face-off versus Mason Marchment in CALGARY FIREMEN zone.
3:42 of 2nd period - Shot by Elias Pettersson.
3:42 of 2nd period - Shot Misses the Net.
3:56 of 2nd period - Shot by Yakov Trenin.
3:56 of 2nd period - Stopped by Stuart Skinner without a rebound.
3:57 of 2nd period - Nick Bjugstad wins face-off versus Ryan Johansen in RENO LIONS zone.
3:57 of 2nd period - Nick Bjugstad is hit by Ryan Johansen.
4:15 of 2nd period - Shot by Ryan Johansen.
4:15 of 2nd period - Stopped by Stuart Skinner without a rebound.
4:16 of 2nd period - Mason Marchment wins face-off versus Steven Stamkos in RENO LIONS zone.
4:55 of 2nd period - Shot by Mason Marchment.
4:55 of 2nd period - Stopped by Stuart Skinner without a rebound.
4:56 of 2nd period - Ryan Johansen wins face-off versus Nick Bjugstad in RENO LIONS zone.
5:18 of 2nd period - Shot by Mattias Janmark-Nylen.
5:18 of 2nd period - Shot Blocked by Ethan Bear.
5:20 of 2nd period - Shot by Mattias Janmark-Nylen.
5:20 of 2nd period - Goal by Mattias Janmark-Nylen - CALGARY FIREMEN : 3 - RENO LIONS : 2.
5:21 of 2nd period - Brett Howden wins face-off versus Trent Frederic in neutral zone.
5:21 of 2nd period - Brett Howden is hit by Nicholas Ritchie.
5:32 of 2nd period - Shot by Trent Frederic.
5:32 of 2nd period - Shot Misses the Net.
5:34 of 2nd period - Shot by Robert Hagg.
5:34 of 2nd period - Stopped by Kevin Poulin without a rebound.
5:35 of 2nd period - Ryan Johansen wins face-off versus Steven Stamkos in CALGARY FIREMEN zone.
5:46 of 2nd period - Shot by Elias Pettersson.
5:46 of 2nd period - Stopped by Kevin Poulin without a rebound.
5:47 of 2nd period - Nick Bjugstad wins face-off versus Mason Marchment in CALGARY FIREMEN zone.
5:47 of 2nd period - Nick Bjugstad is hit by Nikita Zadorov.
6:00 of 2nd period - Minor Penalty to Marcus Foligno for Hooking.
6:01 of 2nd period - Ryan Johansen wins face-off versus Nick Bjugstad in RENO LIONS zone.
6:18 of 2nd period - Shot by Ryan Johansen.
6:18 of 2nd period - Stopped by Stuart Skinner without a rebound.
6:19 of 2nd period - Nick Bjugstad wins face-off versus Mason Marchment in RENO LIONS zone.
6:30 of 2nd period - Shot by Oskar Lindblom.
6:30 of 2nd period - Stopped by Stuart Skinner without a rebound.
6:31 of 2nd period - Nick Bjugstad wins face-off versus Ryan Johansen in RENO LIONS zone.
6:55 of 2nd period - Icing by Jamie Oleksiak.
6:56 of 2nd period - Ryan Johansen wins face-off versus Nick Bjugstad in CALGARY FIREMEN zone.
7:35 of 2nd period - Icing by Yakov Trenin.
7:36 of 2nd period - Patrick Brown wins face-off versus Mason Marchment in CALGARY FIREMEN zone.
7:51 of 2nd period - Shot by Yakov Trenin.
7:51 of 2nd period - Goal by Yakov Trenin - CALGARY FIREMEN : 4 - RENO LIONS : 2.
7:51 of 2nd period - Elvis Merzlikins enters game.
7:52 of 2nd period - Brett Howden wins face-off versus Alex Steeves in neutral zone.
7:55 of 2nd period - Shot by Sonny Milano.
7:55 of 2nd period - Shot Misses the Net.
8:24 of 2nd period - Shot by Marian Studenic.
8:24 of 2nd period - Shot Blocked by Colton White.
8:26 of 2nd period - Shot by Marian Studenic.
8:26 of 2nd period - Shot Misses the Net.
9:53 of 2nd period - Ryan Johansen is hit by Ethan Bear.
10:14 of 2nd period - Mason Marchment is hit by Ethan Bear and loses puck.
10:19 of 2nd period - Shot by Oskar Lindblom.
10:19 of 2nd period - Shot Blocked by Ethan Bear.
10:21 of 2nd period - Shot by Mason Marchment.
10:21 of 2nd period - Stopped by Elvis Merzlikins without a rebound.
10:22 of 2nd period - Trent Frederic wins face-off versus Nathan Smith in RENO LIONS zone.
10:22 of 2nd period - Trent Frederic is hit by Nathan Smith.
11:25 of 2nd period - Shot by Marian Studenic.
11:25 of 2nd period - Stopped by Kevin Poulin without a rebound.
11:26 of 2nd period - Steven Stamkos wins face-off versus Mason Marchment in CALGARY FIREMEN zone.
11:29 of 2nd period - Shot by Steven Stamkos.
11:29 of 2nd period - Stopped by Kevin Poulin without a rebound.
11:30 of 2nd period - Steven Stamkos wins face-off versus Mason Marchment in CALGARY FIREMEN zone.
11:30 of 2nd period - Elias Pettersson is hit by Nikita Zadorov and loses puck.
11:39 of 2nd period - Nikita Zadorov is hit by Kirill Kaprizov and loses puck.
12:04 of 2nd period - Shot by Steven Stamkos.
12:04 of 2nd period - Stopped by Kevin Poulin with a rebound.
12:34 of 2nd period - Kirill Kaprizov is hit by Brett Howden.
12:49 of 2nd period - Minor Penalty to Brady Skjei for Cross-checking.
12:50 of 2nd period - Nick Bjugstad wins face-off versus Ryan Johansen in RENO LIONS zone.
13:27 of 2nd period - Shot by Marcus Foligno.
13:27 of 2nd period - Stopped by Kevin Poulin without a rebound.
13:28 of 2nd period - Patrick Brown wins face-off versus Mason Marchment in CALGARY FIREMEN zone.
13:36 of 2nd period - Icing by Nikita Zadorov.
13:37 of 2nd period - Nick Bjugstad wins face-off versus Mason Marchment in CALGARY FIREMEN zone.
14:10 of 2nd period - Shot by Mason Marchment.
14:10 of 2nd period - Stopped by Elvis Merzlikins with a rebound.
14:12 of 2nd period - Shot by Mason Marchment.
14:12 of 2nd period - Shot Blocked by Justin Schultz.
14:34 of 2nd period - Ethan Bear is hit by Ryan Johansen and loses puck.
15:21 of 2nd period - Shot by Brett Howden.
15:21 of 2nd period - Shot Misses the Net.
15:45 of 2nd period - Off-side.
15:46 of 2nd period - Ryan Johansen wins face-off versus Patrick Brown in neutral zone.
15:48 of 2nd period - Off-side.
15:49 of 2nd period - Steven Stamkos wins face-off versus Mason Marchment in neutral zone.
15:49 of 2nd period - Steven Stamkos is hit by Oskar Lindblom.
16:02 of 2nd period - Steven Stamkos is hit by Jordan Oesterle and loses puck.
16:11 of 2nd period - Shot by Mason Marchment.
16:11 of 2nd period - Shot Misses the Net.
16:13 of 2nd period - Shot by Nikita Zadorov.
16:13 of 2nd period - Stopped by Elvis Merzlikins without a rebound.
16:14 of 2nd period - Ryan Johansen wins face-off versus Nick Bjugstad in RENO LIONS zone.
17:35 of 2nd period - Shot by Mason Marchment.
17:35 of 2nd period - Stopped by Elvis Merzlikins without a rebound.
17:36 of 2nd period - Brett Howden wins face-off versus Trent Frederic in RENO LIONS zone.
17:40 of 2nd period - Brett Howden is hit by Ethan Bear and loses puck.
18:03 of 2nd period - Shot by Sonny Milano.
18:03 of 2nd period - Shot Hit the Post.
18:21 of 2nd period - Icing by Ethan Bear.
18:22 of 2nd period - Mason Marchment wins face-off versus Trent Frederic in RENO LIONS zone.
19:25 of 2nd period - Shot by Elias Pettersson.
19:25 of 2nd period - Shot Misses the Net.
19:38 of 2nd period - Icing by Nikita Zadorov.
19:39 of 2nd period - Nick Bjugstad wins face-off versus Mason Marchment in CALGARY FIREMEN zone.
19:44 of 2nd period - Shot by Pierre-Luc Dubois.
19:44 of 2nd period - Stopped by Kevin Poulin without a rebound.
19:45 of 2nd period - Jakob Silfverberg wins face-off versus Nick Bjugstad in CALGARY FIREMEN zone.
Goals for this period are 3 for CALGARY FIREMEN vs 1 for RENO LIONS.
Shots for this period are 13 for CALGARY FIREMEN vs 8 for RENO LIONS.

3rd period


0:01 of 3rd period - Ryan Johansen wins face-off versus Steven Stamkos in neutral zone.
0:03 of 3rd period - Off-side.
0:04 of 3rd period - Steven Stamkos wins face-off versus Ryan Johansen in neutral zone.
0:31 of 3rd period - Icing by Jakob Silfverberg.
0:32 of 3rd period - Ryan Johansen wins face-off versus Nick Bjugstad in CALGARY FIREMEN zone.
1:59 of 3rd period - Shot by Steven Stamkos.
1:59 of 3rd period - Shot Misses the Net.
2:01 of 3rd period - Shot by Brady Skjei.
2:01 of 3rd period - Stopped by Kevin Poulin without a rebound.
2:02 of 3rd period - Trent Frederic wins face-off versus Brett Howden in CALGARY FIREMEN zone.
2:02 of 3rd period - Trent Frederic is hit by Andrej Sustr.
2:04 of 3rd period - Shot by Juuso Valimaki.
2:04 of 3rd period - Shot Blocked by Colton White.
2:11 of 3rd period - Icing by Colton White.
2:12 of 3rd period - Brett Howden wins face-off versus Alex Steeves in CALGARY FIREMEN zone.
2:25 of 3rd period - Icing by Brett Howden.
2:26 of 3rd period - Nick Bjugstad wins face-off versus Sonny Milano in CALGARY FIREMEN zone.
2:26 of 3rd period - Pierre-Luc Dubois is hit by Andrej Sustr and loses puck.
3:16 of 3rd period - Shot by Mason Marchment.
3:16 of 3rd period - Shot Misses the Net.
4:07 of 3rd period - Jamie Oleksiak is hit by Elias Pettersson and loses puck.
4:30 of 3rd period - Shot by Steven Stamkos.
4:30 of 3rd period - Deflect By Elias Pettersson.
4:30 of 3rd period - Shot Misses the Net.
4:32 of 3rd period - Shot by Steven Stamkos.
4:32 of 3rd period - Shot Misses the Net.
4:51 of 3rd period - Minor Penalty to Ethan Bear for Hooking.
4:52 of 3rd period - Mason Marchment wins face-off versus Patrick Brown in RENO LIONS zone.
4:59 of 3rd period - Shot by Yakov Trenin.
4:59 of 3rd period - Shot Misses the Net.
5:01 of 3rd period - Shot by Yakov Trenin.
5:01 of 3rd period - Stopped by Elvis Merzlikins without a rebound.
5:02 of 3rd period - Nick Bjugstad wins face-off versus Mason Marchment in RENO LIONS zone.
5:21 of 3rd period - Shot by Jamie Oleksiak.
5:21 of 3rd period - Shot Misses the Net.
5:23 of 3rd period - Shot by Jake McCabe.
5:23 of 3rd period - Shot Blocked by Juuso Valimaki.
6:35 of 3rd period - Shot by Jamie Oleksiak.
6:35 of 3rd period - Shot Blocked by Oliver Ekman-Larsson.
6:57 of 3rd period - Shot by Andreas Johnsson.
6:57 of 3rd period - Shot Misses the Net.
7:03 of 3rd period - Shot by Marian Studenic.
7:03 of 3rd period - Stopped by Kevin Poulin without a rebound.
7:04 of 3rd period - Sonny Milano wins face-off versus Trent Frederic in CALGARY FIREMEN zone.
7:29 of 3rd period - Shot by Nicholas Ritchie.
7:29 of 3rd period - Shot Misses the Net.
7:31 of 3rd period - Shot by Juuso Valimaki.
7:31 of 3rd period - Stopped by Kevin Poulin with a rebound.
8:09 of 3rd period - Shot by Elias Pettersson.
8:09 of 3rd period - Shot Misses the Net.
8:11 of 3rd period - Shot by Elias Pettersson.
8:11 of 3rd period - Shot Blocked by Colton White.
9:51 of 3rd period - Shot by Mason Marchment.
9:51 of 3rd period - Stopped by Elvis Merzlikins without a rebound.
9:52 of 3rd period - Nathan Smith wins face-off versus Nick Bjugstad in RENO LIONS zone.
9:53 of 3rd period - Shot by Ryan Johansen.
9:53 of 3rd period - Stopped by Elvis Merzlikins without a rebound.
9:54 of 3rd period - Nathan Smith wins face-off versus Marcus Foligno in RENO LIONS zone.
10:11 of 3rd period - Shot by Fabian Zetterlund.
10:11 of 3rd period - Shot Misses the Net.
10:32 of 3rd period - Ryan Johansen is hit by Marcus Foligno.
12:25 of 3rd period - Minor Penalty to Nicholas Ritchie for Cross-checking.
12:26 of 3rd period - Ryan Johansen wins face-off versus Nick Bjugstad in RENO LIONS zone.
13:19 of 3rd period - Brady Skjei is hit by Yakov Trenin and loses puck.
13:28 of 3rd period - Shot by Yakov Trenin.
13:28 of 3rd period - Stopped by Elvis Merzlikins with a rebound.
13:30 of 3rd period - Shot by Jordan Oesterle.
13:30 of 3rd period - Shot Blocked by Brady Skjei.
13:32 of 3rd period - Shot by Mason Marchment.
13:32 of 3rd period - Shot Misses the Net.
13:34 of 3rd period - Shot by Jordan Oesterle.
13:34 of 3rd period - Stopped by Elvis Merzlikins with a rebound.
13:36 of 3rd period - Shot by Yakov Trenin.
13:36 of 3rd period - Stopped by Elvis Merzlikins without a rebound.
13:37 of 3rd period - Patrick Brown wins face-off versus Ryan Johansen in RENO LIONS zone.
13:43 of 3rd period - Icing by Ryan Johansen.
13:44 of 3rd period - Ryan Johansen wins face-off versus Marcus Foligno in CALGARY FIREMEN zone.
15:36 of 3rd period - Brett Howden is hit by Elias Pettersson and loses puck.
16:46 of 3rd period - Shot by Pierre-Luc Dubois.
16:46 of 3rd period - Stopped by Kevin Poulin without a rebound.
16:47 of 3rd period - Nathan Smith wins face-off versus Nick Bjugstad in CALGARY FIREMEN zone.
16:47 of 3rd period - Nathan Smith is hit by Marcus Foligno.
17:50 of 3rd period - Off-side.
17:51 of 3rd period - Trent Frederic wins face-off versus Yakov Trenin in neutral zone.
18:56 of 3rd period - Shot by Steven Stamkos.
18:56 of 3rd period - Shot Misses the Net.
19:03 of 3rd period - Off-side.
19:04 of 3rd period - Alex Steeves wins face-off versus Ryan Johansen in neutral zone.
19:33 of 3rd period - Shot by Andreas Johnsson.
19:33 of 3rd period - Shot Blocked by Ryan Johansen.
19:35 of 3rd period - Shot by Brady Skjei.
19:35 of 3rd period - Shot Misses the Net.
19:37 of 3rd period - Shot by Brady Skjei.
19:37 of 3rd period - Stopped by Kevin Poulin with a rebound.
19:39 of 3rd period - Shot by Brady Skjei.
19:39 of 3rd period - Shot Blocked by Jake McCabe.
19:41 of 3rd period - Shot by Brady Skjei.
19:41 of 3rd period - Shot Misses the Net.
Goals for this period are 0 for CALGARY FIREMEN vs 0 for RENO LIONS.
Shots for this period are 6 for CALGARY FIREMEN vs 5 for RENO LIONS.


OWEN
TIPPETT
GUSTAV
FORSLING
MATTHEW
BOLDY

EAST COAST

HOCKEY LEAGUE

  • 67.PIT4RHI2
  • 68.ATL5WOR3
  • 69.QUECHW
  • 70.CHATRV